 Dungeon Crawl Stone Soup version 0.23-a0-14-g8c9a20f (console) character file.

146 swinepaste the Ducker (level 5, -4/46 HPs)
             Began as a Demonspawn Monk on Aug 3, 2018.
             Slain by Grinder (5 damage)
             ... while paralysed by Grinder
             ... on level 3 of the Dungeon.
             The game lasted 00:07:10 (2829 turns).

swinepaste the Ducker (Demonspawn Monk)             Turns: 2829, Time: 00:07:10

Health: -4/46      AC:  2    Str: 12    XL:     5   Next: 7%
Magic:  5/5        EV:  2    Int: 13    God:
Gold:   79         SH:  0    Dex: 16    Spells: 4/4 levels left

rFire    . . .     SeeInvis .   a - +0 falchion
rCold    + . .     Gourm    .   (no shield)
rNeg     . . .     Faith    .   n - +0 robe
rPois    .         Spirit   .   (no helmet)
rElec    .         Reflect  .   (no cloak)
rCorr    .         Harm     .   (no gloves)
MR       .....                  (no boots)
Stlth    ++........             (no amulet)
HPRegen  0.15/turn              (no ring)
MPRegen  0.09/turn              (no ring)

@: paralysed
A: large bone plates 2, clever 1, cold resistance 1, robust 1, no potion heal 1
a: no special abilities


You were on level 3 of the Dungeon.
You were hungry.

You visited 1 branch of the dungeon, and saw 3 of its levels.

You collected 79 gold pieces.

Inventory:

Hand Weapons
 a - a +0 falchion (weapon)
 b - a +0 dagger of draining
 g - a +2 whip of holy wrath
Armour
 n - a +0 robe (worn)
 o - a +0 buckler
Wands
 l - a wand of enslavement (15)
Scrolls
 h - 2 scrolls of identify {unknown}
 j - 2 scrolls of teleportation {unknown}
 m - a scroll of random uselessness {unknown}
Potions
 e - 2 potions of mutation
 f - a potion of cancellation {unknown}
 i - 2 potions of ambrosia
 k - a potion of flight {unknown}
 p - a potion of haste {unknown}
Comestibles
 c - 8 rations
 d - 8 chunks of flesh


   Skills:
 + Level 4.0 Fighting
 - Level 2.6 Long Blades
 * Level 4.6 Dodging
 - Level 1.7 Stealth


You had 4 spell levels left.
You didn't know any spells.
Your spell library was empty.

Dungeon Overview and Level Annotations

Branches:
Dungeon (3/15)

Altars:

Annotations:
D:3 1 runed door, Grinder


Innate Abilities, Weirdness & Mutations

You are mostly covered in large bone plates. (SH +6)
Your flesh is cold resistant. (rC+)
Your mind is acute. (Int +2)
You are robust. (+10% HP)
Potions are less effective at restoring your health.


Message History

Grinder says, "I used to sell toenails on the black market."
Grinder hits you!
You writhe in agony.
You slash Grinder!
Grinder is almost dead.
Grinder gestures at you. Pain shoots through your body!
You closely miss Grinder.
Grinder is almost dead.
Grinder gestures at you.
You suddenly lose the ability to move!
Grinder gestures at you.
You shrug off the repeated paralysis!
Grinder hits you.
You writhe in agony.
Grinder gestures at you. Pain shoots through your body!
* * * LOW HITPOINT WARNING * * *
Grinder hits you.
* * * LOW HITPOINT WARNING * * *
You writhe in agony.
You die...

#.....# ########....)....#
#.....# #................#
#.....####.................
#........#.................
#........#.................
#.....ยข..#..........##...).
#####.###.........####.....
#.# #.........####.....
#.###.6.....(......##..
#.#...5.......####.##..
#.#.#...............+..
#.#.#..........#...##..
#.#.#..........#...##..
###.#.#..........#)).##..
#...........####......#..
#...........# #..##..#
#...........# #......#


You could see Grinder.

Vanquished Creatures
  A hound (D:2)
  2 adders
  An ooze (D:2)
  3 dart slugs
  3 leopard geckos
  6 orcs
  4 giant cockroaches
  9 goblins
  9 hobgoblins
  5 jackals (D:1)
  7 kobolds
  A ball python (D:2)
  10 bats
  6 frilled lizards
  5 rats
72 creatures vanquished.

Notes
Turn   | Place    | Note
-------+----------+-------------------------------------------
     0 | D:1      | swinepaste the Demonspawn Monk began the quest for the Orb.
     0 | D:1      | Reached XP level 1. HP: 18/18 MP: 1/1
   112 | D:1      | Gained mutation: You are partially covered in large bone plates. (SH +4) [demonic ancestry]
   112 | D:1      | Reached XP level 2. HP: 15/24 MP: 2/2
   893 | D:1      | Gained mutation: Your flesh is cold resistant. (rC+) [demonic ancestry]
   893 | D:1      | Reached XP level 3. HP: 25/29 MP: 3/3
  1043 | D:1      | You fall through a shaft!
  1084 | D:2      | Reached XP level 4. HP: 18/37 MP: 4/4
  2479 | D:3      | Found a runed door.
  2482 | D:3      | Gained mutation: Potions are less effective at restoring your health. [potion of mutation]
  2482 | D:3      | Gained mutation: Your mind is acute. (Int +2) [potion of mutation]
  2482 | D:3      | Gained mutation: You are robust. (+10% HP) [potion of mutation]
  2590 | D:3      | Gained mutation: You are mostly covered in large bone plates. (SH +6) [demonic ancestry]
  2590 | D:3      | Reached XP level 5. HP: 46/46 MP: 5/5
  2660 | D:3      | Noticed Grinder
  2778 | D:3      | Paralysed by Grinder for 6 turns
  2825 | D:3      | Paralysed by Grinder for 7 turns
  2829 | D:3      | HP: 1/46 [Grinder (5)]
  2829 | D:3      | Slain by Grinder

Vault maps used:
D:1:      dpeg_arrival_tiny_d
D:2:      cheibrodos_old_hovel
D:3:      first_ration, uniq_grinder, uniq_crazy_yiuf_cottage

Skill      XL: |  1  2  3  4 |
---------------+-------------+-----
Dodging        | 3 4 |  4.6
Fighting       | 4 |  4.0
Long Blades    | |  2.6
Stealth        | |  1.7

Action                   |  1- 3 |  4- 6 || total
-------------------------+-------+-------++-------
Melee: Falchion          |    97 |   112 ||   209
       Dagger            |       |    21 ||    21
  Use: Potion            |       |     2 ||     2
 Stab: Sleeping          |     5 |     9 ||    14
  Eat: Chunk             |     1 |     5 ||     6
Armor: Robe              |    10 |    16 ||    26
Dodge: Dodged            |    79 |    79 ||   158
Block: Other             |    24 |    24 ||    48
       Rpst.: Falchion   |    28 |    21 ||    49

Table legend:
 A = Spawn XP
 B = Non-spawn XP
 C = Spawn XP percentage of total XP
 D = Spawn monster count
 E = Non-spawn monster count
 F = Spawn count percentage of total count
 G = Total turns spent on level
                    A         B        C        D         E        F      G
               +---------+---------+-------+---------+---------+-------+---------
         Total |       0 |     209 |   0.0 |       0 |      72 |   0.0 |  2829
               +---------+---------+-------+---------+---------+-------+---------
           D:1 |       0 |      56 |   0.0 |       0 |      31 |   0.0 |  1293
           D:2 |       0 |     101 |   0.0 |       0 |      23 |   0.0 |   771
           D:3 |       0 |      52 |   0.0 |       0 |      18 |   0.0 |   765
               +---------+---------+-------+---------+---------+-------+---------
